 Dungeon Crawl Stone Soup version 0.32-a0-918-g0f22ef8d61 (webtiles) character file.

Game seed: 16918221966884928513

10752 RBrandon the Protected (level 11, -6/217 HPs)
             Began as a Mountain Dwarf Chaos Knight on Apr 11, 2024.
             Was a Plaything of Xom.
             Mangled by a blink frog (9 damage)
             ... on level 1 of the Lair of Beasts.
             The game lasted 00:37:15 (12687 turns).

RBrandon the Protected (MDCK)                      Turns: 12687, Time: 00:37:16

Health: -6/217     AC: 25    Str: 15    XL:     11   Next: 40%
Magic:  1/14       EV:  2    Int: 17    God:    Xom [.*....]
Gold:   336        SH:  0    Dex: 15    Spells: 4/14 levels left

rFire   . . .        a - +2 flail (chaos)
rCold   . . .        (no shield)
rNeg    . . .        O - melded +2 chain mail {rF+}
rPois   +            J - melded +0 helmet
rElec   .            R - melded +0 cloak
rCorr   .            (gloves currently unavailable)
SInv    .            w - melded +0 pair of boots
Will    +....        (no amulet) Stlth
                     M - +4 ring of slaying
HPRegen 0.56/turn    I - +6 ring of dexterity
MPRegen 0.14/turn

%: no passive effects
@: berserking (expiring), tree-form, very quick
A: stationary, stasis, torment immunity, boosted hp, runic magic, artefact
enchanting, (iridescent scales 1), inability to read after injury 1, MP-powered
wands
a: Renounce Religion


You were on level 1 of the Lair of Beasts.
You worshipped Xom.
You were a plaything of Xom.
You were a tree.
You visited 2 branches of the dungeon, and saw 12 of its levels.

You collected 616 gold pieces.
You spent 280 gold pieces at shops.

Inventory:

Hand Weapons
 a - a +2 flail of chaos (weapon)
   (You took it off an orc on level 8 of the Dungeon)
 b - a +4 orcbow of freezing
   (You took it off a centaur on level 10 of the Dungeon)
 s - a +0 war axe
Missiles
 P - 2 throwing nets
Armour
 w - a +0 pair of boots (melded)
 J - a +0 helmet (melded)
 O - a +2 chain mail of fire resistance (melded)
   (You took it off an orc warrior on level 8 of the Dungeon)
 R - a +0 cloak (melded)
Magical Staves
 l - a staff of alchemy
Jewellery
 r - a ring of fire
 A - a ring of see invisible
 D - the ring "Rauvieti" {rPois rC+ rCorr}
   (Xom gifted it to you on level 5 of the Dungeon)

   [ring of protection from cold]

   rC+:       It protects you from cold.
   rPois:     It protects you from poison.
   rCorr:     It protects you from acid and corrosion.
 E - a ring of resist corrosion
 F - a +6 ring of strength
 I - a +6 ring of dexterity (right branch)
 M - a +4 ring of slaying (left branch)
Wands
 x - a wand of charming (17)
 B - a wand of roots (3)
 G - a wand of flame (17)
 L - a wand of digging (6)
Scrolls
 c - 2 scrolls of blinking {unknown}
 h - 3 scrolls of noise {unknown}
 i - 2 scrolls of vulnerability {unknown}
 k - 2 scrolls of amnesia {unknown}
 t - a scroll of enchant armour {unknown}
 y - a scroll of immolation {unknown}
 z - 8 scrolls of fog
 C - 2 scrolls of enchant weapon {unknown}
 K - 2 scrolls of poison {unknown}
 N - 2 scrolls of revelation {unknown}
 Q - a scroll of identify
Potions
 d - a potion of cancellation
 e - a potion of degeneration {unknown}
 f - 2 potions of curing
 g - a potion of mutation
 m - a potion of berserk rage
 o - 3 potions of might
 u - 5 potions of brilliance
 v - a potion of ambrosia
 H - 2 potions of resistance {unknown}


   Skills:
 - Level 9.3 Fighting
 - Level 3.8 Axes
 - Level 12.0 Armour
 + Level 6.6 Dodging
 - Level 2.4 Spellcasting
 - Level 6.7 Translocations


You had 4 spell levels left.
You knew the following spells:

 Your Spells              Type           Power      Damage    Failure   Level
a - Blink                 Tloc           48%        N/A       1%          2
b - Momentum Strike       Conj/Tloc      26%        3d8       7%          2
c - Maxwell's Portable P  Tloc           24%        2d(7-20)  3%          3
d - Teleport Other        Tloc           24%        N/A       3%          3

Your spell library contained the following spells:

 Spells                   Type           Power      Damage    Failure   Level
 Lesser Beckoning         Tloc           48%        N/A       1%          2
 Sandblast                Erth           4%         2d4       19%         1
 Stone Arrow              Conj/Erth      4%         3d7       50%         3
 Brom's Barrelling Bould  Conj/Erth      2%         2d3       88%         4


Dungeon Overview and Level Annotations

Branches:
Dungeon (11/15)            Temple (0/1) D:6            Lair (1/5) D:10
    Orc: D:9-12

Altars:
Cheibriados
Trog
Uskayaw
Xom
Zin
The Shining One

Shops:
D:2 ?   D:7 !   D:8 :

Annotations:
D:3 1 runed translucent door, Krumphau's ghost, amateur DsMo


Innate Abilities, Weirdness & Mutations

You are a tree.
Your roots penetrate the ground, keeping you stationary.
You cannot be teleported.
You are immune to unholy pain and torment.
Your maximum health is greatly increased.
Your equipment is partially melded.
Your spellcasting is much less encumbered by armour.
You can use scrolls of enchantment on lesser artefacts.
((You are partially covered in iridescent scales. (AC +2)))
You occasionally lose the ability to read scrolls when taking damage.
You expend magic power (3 MP) to strengthen your wands.


Message History

You barely miss the blink frog.
The blink frog is almost dead. "This might be better!"
You swap places with the blink frog.
The blink frog looks rather confused.
The blink frog seems less confused.
The blink frog blinks!
You miss the blink frog.
The blink frog is almost dead.
The blink frog hits you but does no damage. x3
You closely miss the blink frog.
The blink frog is almost dead. "Hum-dee-hum-dee-hum..."
The blink frog suddenly seems more resistant.
The blink frog blinks!
The blink frog hits you!
* * * LOW HITPOINT WARNING * * *
The blink frog blinks!
The blink frog hits you but does no damage.
The blink frog hits you.
* * * LOW HITPOINT WARNING * * *
The blink frog blinks!
You miss the blink frog.
The blink frog is moderately wounded.
The blink frog blinks!
The blink frog hits you but does no damage.
You closely miss the blink frog.
The blink frog is moderately wounded.
The blink frog blinks!
The blink frog hits you but does no damage.
You miss the blink frog.
The blink frog is moderately wounded.
The blink frog hits you.
* * * LOW HITPOINT WARNING * * *
The blink frog blinks!
You sock the blink frog!
You kill the blink frog!
The blink frog hits you.
* * * LOW HITPOINT WARNING * * *
The blink frog hits you but does no damage.
The blink frog hits you!
You die...
Xom titters!

.# #..# #..# .## #..# #..P
..# #..# #).# # .## #..#
#..P .# ..# ##..# #§)# .#
..# ...# #..# ### ..## .##
#..# #..####.######...#
.#######..#
#.................
...5÷5....#
#♣F....=†..>......
§#####.##.###
#FF.............#. .##
####...####F..###.##.#....#
..#
##...........########...#
.## #P..........## ...# .#
##.......[..# ....# .#
#..###P##..# ...## .#
#...#####..## ...# .# #..##
#...#


You could see 4 blink frogs.

Vanquished Creatures
  Harold (D:10)
  Erica (D:10)
  An ugly thing (D:10)
  A manticore (D:9)
  A cyclops (D:9)
  Joseph (Lair:1)
  2 kobold demonologists (D:10)
  A troll (D:10)
  3 komodo dragons
  A blink frog (Lair:1)
  A tarantella (D:9)
  A vampire (D:10)
  2 wyverns
  5 yaks
  2 wraiths
  A basilisk (D:10)
  3 water moccasins
  An acid dragon (D:10)
  3 ice beasts
  3 orc warriors (D:8)
  A black bear (D:4)
  2 sky beasts
  5 wolves (Lair:1)
  4 centaurs
  2 phantoms
  2 kobold brigands (D:10)
  3 bullfrogs (Lair:1)
  A gnoll sergeant (D:10)
  4 scorpions
  13 killer bees
  A bombardier beetle (D:6)
  2 howler monkeys
  2 gnoll boudas (D:5)
  5 orc priests
  3 hounds
  2 sleepcaps
  Terence (D:2)
  4 iguanas
  Natasha (thrice) (D:3)
  2 orc wizards
  A hell rat (D:10)
  19 gnolls
  6 adders
  A shadow imp (D:6)
  3 white imps
  4 ufetubi
  2 dart slugs
  4 ribbon worms (D:3)
  26 orcs
  7 ball pythons
  6 endoplasms
  9 giant cockroaches
  5 goblins
  8 hobgoblins
  8 jackals (D:2)
  15 kobolds
  4 quokkas
  5 bats
  3 frilled lizards
  8 rats
241 creatures vanquished.

Vanquished Creatures (collateral kills)
  2 yaks (Lair:1)
  A black bear (D:10)
  A centaur (D:10)
  An iguana (D:10)
5 creatures vanquished.

Vanquished Creatures (others)
  A kobold (D:4)
1 creature vanquished.

Grand Total: 247 creatures vanquished

Notes
Turn   | Place    | Note
-------+----------+-------------------------------------------
     0 | D:1      | RBrandon the Mountain Dwarf Chaos Knight began the quest
                  | for the Orb.
     0 | D:1      | Reached XP level 1. HP: 19/19 MP: 1/1
    50 | D:1      | XOM: smoke on damage
    52 | D:1      | Reached XP level 2. HP: 19/26 MP: 2/2
   182 | D:1      | XOM: silly message
   226 | D:1      | Reached skill level 1 in Spellcasting
   229 | D:1      | Learned a level 2 spell: Blink
   498 | D:1      | Reached XP level 3. HP: 31/31 MP: 5/5
   713 | D:2      | Noticed Terence
   722 | D:2      | Killed Terence
   777 | D:2      | Learned a level 2 spell: Momentum Strike
   793 | D:2      | XOM: cloud trail
   804 | D:2      | Reached XP level 4. HP: 38/38 MP: 7/7
   880 | D:2      | Reached skill level 1 in Translocations
   922 | D:2      | Found The Oracle's Delphic Readings.
  1123 | D:2      | Learned a level 3 spell: Maxwell's Portable Piledriver
  1376 | D:3      | Noticed Krumphau's ghost (amateur DsMo)
  1381 | D:3      | Found a runed translucent door.
  1472 | D:3      | XOM is BORED!
  1613 | D:3      | Reached XP level 5. HP: 42/45 MP: 8/8
  1675 | D:3      | Noticed Natasha
  1701 | D:3      | Killed Natasha
  1761 | D:3      | Noticed Natasha
  1776 | D:3      | Killed Natasha
  1792 | D:3      | XOM: silly message
  2086 | D:3      | Noticed Natasha
  2088 | D:3      | XOM: silly message
  2095 | D:3      | Killed Natasha
  2102 | D:3      | XOM: divination: detect items
  2366 | D:3      | XOM: god gift: wand of charming (5)
  2411 | D:4      | Reached XP level 6. HP: 36/51 MP: 0/9
  2529 | D:4      | XOM: destruction
  3110 | D:4      | XOM: divination: detect creatures
  3128 | D:4      | Reached skill level 5 in Translocations
  3466 | D:5      | Entered Level 5 of the Dungeon
  3484 | D:5      | Reached XP level 7. HP: 28/57 MP: 10/10
  3661 | D:5      | Noticed an angel
  3748 | D:5      | Found a shimmering altar of Xom.
  3750 | D:5      | XOM: fog
  3776 | D:5      | XOM: fog
  3853 | D:5      | XOM: give mutations
  3853 | D:5      | Gained mutation: You are partially covered in iridescent
                  | scales. (AC +2) [Xom's grace]
  3853 | D:5      | Gained mutation: Your skin changes colour to match your
                  | surroundings (Stealth+). [Xom's grace]
  3859 | D:5      | XOM: give mutation
  3859 | D:5      | Gained mutation: You are robust. (+10% HP) [Xom's grace]
  3889 | D:5      | Identified the ring "Rauvieti" {rPois rC+ rCorr} (Xom
                  | gifted it to you on level 5 of the Dungeon)
  3889 | D:5      | XOM: god gift: ring "Rauvieti" {rPois rC+ rCorr}
  3894 | D:5      | XOM: scenery: create altars
  3943 | D:5      | Found a glowing silver altar of Zin.
  4138 | D:5      | XOM: potion effect (curing)
  4414 | D:5      | XOM: give mutations
  4414 | D:5      | Gained mutation: You occasionally lose the ability to read
                  | scrolls when taking damage. [Xom's mischief]
  4414 | D:5      | Gained mutation: You are mostly covered in iridescent
                  | scales. (AC +4) [Xom's mischief]
  4414 | D:5      | Gained mutation: Your movements are slightly less
                  | encumbered by armour. (ER -2) [Xom's mischief]
  4414 | D:5      | Gained mutation: You have large cloven feet. [Xom's
                  | mischief]
  4448 | D:5      | XOM: give mutations
  4448 | D:5      | Lost mutation: You are mostly covered in iridescent scales.
                  | (AC +4) [Xom's mischief]
  4448 | D:5      | Gained mutation: You are dopey. (Int -2) [Xom's mischief]
  4504 | D:5      | XOM: 3-stop teleportation journey
  4561 | D:5      | XOM: give mutations
  4561 | D:5      | Gained mutation: You are vulnerable to heat. (rF-) [Xom's
                  | mischief]
  4561 | D:5      | Lost mutation: You have large cloven feet. [Xom's mischief]
  4561 | D:5      | Gained mutation: You sometimes lose the ability to read
                  | scrolls when taking damage. [Xom's mischief]
  4587 | D:5      | Lost mutation: You are dopey. (Int -2) [potion of mutation]
  4587 | D:5      | Lost mutation: Your movements are slightly less encumbered
                  | by armour. (ER -2) [potion of mutation]
  4587 | D:5      | Lost mutation: Your skin changes colour to match your
                  | surroundings (Stealth+). [potion of mutation]
  4587 | D:5      | Lost mutation: You are vulnerable to heat. (rF-) [potion of
                  | mutation]
  4628 | D:5      | XOM: smoke on damage
  4699 | D:5      | XOM: scenery: summon butterflies
  4738 | D:6      | Found a staircase to the Ecumenical Temple.
  4744 | D:5      | Reached XP level 8. HP: 68/72 MP: 7/11
  4781 | D:6      | XOM: scenery: summon butterflies
  4786 | D:6      | Reached skill level 5 in Fighting
  4814 | D:6      | Found a snail-covered altar of Cheibriados.
  4856 | D:6      | XOM: stat loss: -1 Str (14/15)
  5227 | D:6      | XOM: torment (40/77 hp)
  5230 | D:6      | XOM: summons 5 hostile demons
  5231 | D:6      | Noticed a sixfirhy
  5231 | D:6      | Noticed a hellwing
  5236 | D:6      | HP: 1/77 [sixfirhy[Xom] (11)]
  5455 | D:6      | XOM: chaos upgrade
  5456 | D:6      | XOM: stat loss: -1 Str (14/15)
  5504 | D:6      | XOM: summons 5 hostile demons
  5505 | D:6      | Noticed a red devil
  5755 | D:6      | XOM: repel stairs
  5759 | D:6      | XOM: summons 4 hostile demons
  5969 | D:7      | XOM: 1-stop teleportation journey
  6044 | D:7      | XOM: 4-stop teleportation journey
  6160 | D:7      | XOM: summons 5 hostile demons
  6263 | D:7      | XOM: blink monster(s)
  6264 | D:7      | XOM: enchant monster (bad)
  6292 | D:6      | XOM: give mutation
  6292 | D:6      | Gained mutation: You expend magic power (3 MP) to
                  | strengthen your wands. [Xom's grace]
  6442 | D:7      | Reached XP level 9. HP: 60/91 MP: 12/12
  6513 | D:7      | XOM: 2-stop teleportation journey
  6553 | D:7      | XOM: 2-stop teleportation journey
  6679 | D:7      | Found a bloodstained altar of Trog.
  6679 | D:7      | Found a glowing golden altar of the Shining One.
  6774 | D:7      | Found Zoyliafema's Distillery.
  6777 | D:7      | Bought a potion of heal wounds for 70 gold pieces
  6777 | D:7      | Bought a potion of haste for 140 gold pieces
  6777 | D:7      | Bought a potion of heal wounds for 70 gold pieces
  7302 | D:8      | XOM: noise
  7309 | D:8      | XOM: 1-stop teleportation journey
  7396 | D:8      | Reached skill level 3 in Armour
  7441 | D:8      | XOM: confusion
  7445 | D:8      | XOM: smoke on damage
  7480 | D:8      | XOM: chaos upgrade
  7529 | D:8      | Reached skill level 4 in Armour
  7535 | D:8      | XOM: summons 3 friendly demons
  7540 | D:8      | Reached skill level 5 in Armour
  7801 | D:8      | Reached skill level 6 in Armour
  7819 | D:8      | Reached skill level 7 in Armour
  7824 | D:8      | XOM: stat loss: -1 Str (14/15)
  7853 | D:8      | Found Sasiamimp's Tiny Tomes.
  7853 | D:8      | XOM: 5-stop teleportation journey
  8097 | D:9      | XOM: polymorph kobold brigand -> tarantella
  8099 | D:9      | Noticed a komodo dragon
  8112 | D:9      | Noticed a cyclops
  8114 | D:9      | Killed a komodo dragon
  8115 | D:9      | Reached skill level 8 in Armour
  8127 | D:9      | Killed a cyclops
  8128 | D:9      | Reached skill level 9 in Armour
  8202 | D:9      | XOM: give mutations
  8202 | D:9      | Lost mutation: You are robust. (+10% HP) [Xom's mischief]
  8202 | D:9      | Gained mutation: You are clumsy. (Dex -2) [Xom's mischief]
  8202 | D:9      | Lost mutation: You expend magic power (3 MP) to strengthen
                  | your wands. [Xom's mischief]
  8211 | D:9      | Lost mutation: You are clumsy. (Dex -2) [potion of
                  | mutation]
  8211 | D:9      | Lost mutation: You sometimes lose the ability to read
                  | scrolls when taking damage. [potion of mutation]
  8211 | D:9      | Gained mutation: Your movements are slightly less
                  | encumbered by armour. (ER -2) [potion of mutation]
  8211 | D:9      | Gained mutation: Your movements are less encumbered by
                  | armour. (ER -4) [potion of mutation]
  8212 | D:9      | Lost mutation: Your movements are less encumbered by
                  | armour. (ER -4) [potion of mutation]
  8212 | D:9      | Lost mutation: Your movements are slightly less encumbered
                  | by armour. (ER -2) [potion of mutation]
  8212 | D:9      | Gained mutation: You expend magic power (3 MP) to
                  | strengthen your wands. [potion of mutation]
  8299 | D:9      | Reached XP level 10. HP: 51/91 MP: 13/13
  8424 | D:9      | XOM: summons 4 hostile demons
  8539 | D:9      | XOM: 1-stop teleportation journey
  8900 | D:9      | Noticed a manticore
  8918 | D:9      | Killed a manticore
  8919 | D:9      | Reached skill level 10 in Armour
  8923 | D:9      | XOM: noise
  9121 | D:9      | XOM: silly message
  9248 | D:10     | Entered Level 10 of the Dungeon
  9281 | D:10     | XOM: 1-stop teleportation journey
  9308 | D:10     | Found a hide-covered altar of Uskayaw.
  9317 | D:10     | Noticed Erica
  9527 | D:10     | XOM: swap monsters
  9532 | D:10     | XOM: chaos upgrade
  9938 | D:10     | Found a staircase to the Lair.
  9956 | D:10     | Reached skill level 11 in Armour
 10356 | D:10     | XOM: stat loss: -1 Int (16/17)
 10460 | D:10     | Noticed Harold
 10474 | D:10     | Killed Harold
 10478 | D:10     | Reached skill level 12 in Armour
 10484 | D:10     | XOM: confuse monster(s)
 10485 | D:10     | Reached skill level 1 in Dodging
 10709 | D:10     | Noticed a red ugly thing
 10711 | D:10     | XOM: polymorph red ugly thing -> green ugly thing
 10730 | D:10     | Killed a green ugly thing
 10923 | D:10     | XOM: god gift: wand of roots (5)
 11255 | D:10     | Killed Erica
 11271 | D:10     | XOM: confusion (+ monsters)
 11286 | D:10     | Reached XP level 11. HP: 87/97 MP: 14/14
 11330 | D:10     | XOM: summons friendly iron imp
 11331 | D:10     | XOM: enchant monster (good)
 11348 | D:10     | XOM: summons 2 friendly demons
 11646 | D:10     | Reached skill level 5 in Dodging
 11802 | Lair:1   | Entered Level 1 of the Lair of Beasts
 11827 | Lair:1   | Learned a level 3 spell: Teleport Other
 11914 | Lair:1   | XOM: silly message
 11935 | Lair:1   | XOM: potion effect (brilliance)
 12053 | Lair:1   | XOM: god gift: 20 gold pieces
 12061 | Lair:1   | XOM: cloud trail
 12132 | Lair:1   | XOM: confuse monster(s)
 12148 | Lair:1   | XOM: noise
 12277 | Lair:1   | Noticed Joseph
 12305 | Lair:1   | XOM: enchant monster (good)
 12308 | Lair:1   | XOM: cleaving
 12319 | Lair:1   | Killed Joseph
 12334 | Lair:1   | XOM: cleaving
 12339 | Lair:1   | XOM: scenery: summon butterflies
 12352 | Lair:1   | XOM: god gift: 7 stones
 12412 | D:10     | XOM: divination: detect creatures
 12531 | Lair:1   | XOM: summons 6 friendly demons
 12681 | Lair:1   | XOM: swap monsters
 12683 | Lair:1   | XOM: enchant monster (bad)
 12683 | Lair:1   | HP: 9/217 [blink frog (5)]
 12686 | Lair:1   | HP: 4/217 [blink frog (6)]
 12687 | Lair:1   | Mangled by a blink frog

Illustrated notes

Levels and vault maps discovered:
D:1:      lemuel_arrival_muddy, layout_rooms, minmay_octomino_c4
D:2:      layout_rooms, nicolae_nh_oracle_at_delphi, uniq_terence
D:3:      layout_basic, hellmonk_ghost_happy_afterlife, nicolae_wormholes,
          uniq_natasha
D:4:      layout_basic, abandoned_shop, nicolae_twisty_statue_hallways
D:5:      layout_basic, grunt_temple_overflow_order_and_chaos_1
D:6:      layout_loops_ring, minmay_temple_entry_proselytizer,
          minmay_crystal_room, minmay_misc_feat_more_columns,
          hangedman_feature_mirror
D:7:      layout_rooms, gammafunk_temple_overflow_statue, serial_shops,
          nicolae_shop_real_fake_doors, minmay_misc_feat_diagonals
D:8:      layout_basic, nicolae_shop_i_like_small_books_too
D:9:      layout_loops_ring, kennysheep_generic_room_5
D:10:     minmay_clustersquares, layout_basic, old_standard_altar,
          dpeg_lair_monsters, uniq_harold, uniq_erica
D:11:     layout_loops_corners
Lair:1:   layout_long_grid, serial_bayou_pond_c, uniq_joseph

Skill      XL: |  1  2  3  4  5  6  7  8  9 10 11 |
---------------+----------------------------------+-----
Spellcasting   | 1 2 |  2.4
Translocations | 2 3 5 6 |  6.7
Fighting       | 4 9 |  9.3
Armour         | 9 12 | 12.0
Dodging        | 4 6 |  6.6
Axes           | |  3.8

Action                     |  1- 3 |  4- 6 |  7- 9 | 10-12 || total
---------------------------+-------+-------+-------+-------++-------
  Melee: Hand axe          |    97 |     2 |       |       ||    99
         War axe           |       |   181 |   200 |       ||   381
         Flail             |       |       |    60 |   298 ||   358
   Fire: Orcbow            |       |       |       |     2 ||     2
   Cast: Momentum Strike   |       |     5 |    19 |    13 ||    37
         Maxwell's Portabl |       |    11 |    26 |    10 ||    47
         Blink             |       |       |    12 |     9 ||    21
         Teleport Other    |       |       |       |     5 ||     5
  Evoke: Wand              |       |       |    25 |     5 ||    30
    Use: Potion            |       |       |    11 |     9 ||    20
         Scroll            |       |       |    10 |     1 ||    11
   Stab: Distracted        |       |     1 |       |       ||     1
         Confused          |       |       |     1 |     6 ||     7
 Armour: Leather armour    |    52 |   144 |   302 |    18 ||   516
         Scale mail        |       |    54 |       |       ||    54
         Chain mail        |       |       |   201 |   440 ||   641
         Skin              |       |       |       |    18 ||    18
  Dodge: Dodged            |    65 |   153 |   294 |   171 ||   683

Table legend: (Time is in decaauts)
 A = Elapsed time spent in this place.
 B = Non-inter-level travel time spent in this place.
 C = Inter-level travel time spent in this place.
 D = Time resting spent in this place.
 E = Time spent auto-exploring this place.
 F = Levels seen in this place.
 G = Mean time per level.
                   A        B        C        D        E       F      G
               +--------+--------+--------+--------+--------+-----+--------+
         Total |  13010 |  12522 |    488 |   3646 |   5953 |  12 | 1084.2 |
       Dungeon |  12229 |  11741 |    488 |   3565 |   5601 |  11 | 1111.7 |
          Lair |    781 |    781 |      0 |     81 |    351 |   1 |  781.0 |
               +--------+--------+--------+--------+--------+-----+--------+

Top non-repeatable levels by time:
    D:10: 2443 daAuts
     D:9: 1546 daAuts
     D:5: 1336 daAuts
     D:8: 1232 daAuts
     D:6: 1232 daAuts
     D:4: 1215 daAuts
     D:3: 955 daAuts
     D:7: 887 daAuts
  Lair:1: 781 daAuts
     D:2: 711 daAuts
     D:1: 657 daAuts
    D:11: 11 daAuts

Levels and vault maps discovered:
D:1:      lemuel_arrival_muddy, layout_rooms, minmay_octomino_c4
D:2:      layout_rooms, nicolae_nh_oracle_at_delphi, uniq_terence
D:3:      layout_basic, hellmonk_ghost_happy_afterlife, nicolae_wormholes,
          uniq_natasha
D:4:      layout_basic, abandoned_shop, nicolae_twisty_statue_hallways
D:5:      layout_basic, grunt_temple_overflow_order_and_chaos_1
D:6:      layout_loops_ring, minmay_temple_entry_proselytizer,
          minmay_crystal_room, minmay_misc_feat_more_columns,
          hangedman_feature_mirror
D:7:      layout_rooms, gammafunk_temple_overflow_statue, serial_shops,
          nicolae_shop_real_fake_doors, minmay_misc_feat_diagonals
D:8:      layout_basic, nicolae_shop_i_like_small_books_too
D:9:      layout_loops_ring, kennysheep_generic_room_5
D:10:     minmay_clustersquares, layout_basic, old_standard_altar,
          dpeg_lair_monsters, uniq_harold, uniq_erica
D:11:     layout_loops_corners
Lair:1:   layout_long_grid, serial_bayou_pond_c, uniq_joseph

Table legend: (Time is in decaauts)
 A = Elapsed time spent in this place.
 B = Non-inter-level travel time spent in this place.
 C = Inter-level travel time spent in this place.
 D = Time resting spent in this place.
 E = Time spent auto-exploring this place.
 F = Levels seen in this place.
 G = Mean time per level.
                   A        B        C        D        E       F      G
               +--------+--------+--------+--------+--------+-----+--------+
         Total |  13010 |  12522 |    488 |   3646 |   5953 |  12 | 1084.2 |
       Dungeon |  12229 |  11741 |    488 |   3565 |   5601 |  11 | 1111.7 |
          Lair |    781 |    781 |      0 |     81 |    351 |   1 |  781.0 |
               +--------+--------+--------+--------+--------+-----+--------+

Top non-repeatable levels by time:
    D:10: 2443 daAuts
     D:9: 1546 daAuts
     D:5: 1336 daAuts
     D:8: 1232 daAuts
     D:6: 1232 daAuts
     D:4: 1215 daAuts
     D:3: 955 daAuts
     D:7: 887 daAuts
  Lair:1: 781 daAuts
     D:2: 711 daAuts
     D:1: 657 daAuts
    D:11: 11 daAuts

Table legend:
 A = Kills in this place as a percentage of kills in the entire game.
 B = Kills by you in this place as a percentage of kills by you in the entire game.
 C = Kills by friends in this place as a percentage of kills by friends in the entire game.
 D = Other kills in this place as a percentage of other kills in the entire game.
 E = Experience gained in this place as a percentage of experience gained in the entire game.
 F = Experience gained in this place divided by the number of levels of this place that you have seen.
                   A       B       C       D       E      F
               +-------+-------+-------+-------+-------+----------------------
         Total | 100.0 | 100.0 | 100.0 | 100.0 | 100.0 | 1302.6
       Dungeon |  92.7 |  93.3 |  60.0 | 100.0 |  79.4 | 1127.7
          Lair |   7.3 |   6.7 |  40.0 |   0.0 |  20.6 | 3226.0
               +-------+-------+-------+-------+-------+----------------------
